 Dungeon Crawl Stone Soup version 0.22.1-1-ga44c0e5 (webtiles) character file.

42756 whitewolfNL the Protected (level 13, -6/111 HPs)
             Began as a Minotaur Berserker on Oct 16, 2018.
             Was the Champion of Trog.
             Mangled by a tentacle (9 damage)
             ... attached to a kraken
             ... on level 4 of the Abyss on Oct 20, 2018.
             The game lasted 02:53:27 (23804 turns).

whitewolfNL the Protected (Minotaur Berserker)     Turns: 23804, Time: 02:53:28

Health: -6/111     AC: 28    Str: 33    XL:     13   Next: 87%
Magic:  5/5        EV: 10    Int:  4    God:    Trog [******]
Gold:   502        SH:  0    Dex: 19    Spells: 12/12 levels left

rFire    + . .     SeeInvis .   S - +9 battleaxe (antimagic)
rCold    x . .     Gourm    .   (shield currently unavailable)
rNeg     + . .     Faith    .   u - +5 plate armour {rF+}
rPois    .         Spirit   .   (helmet restricted)
rElec    .         Reflect  .   T - +1 cloak of Shielding {rF- Str+10 Int-4 Stlth+}
rCorr    .         Harm     .   d - +0 pair of gloves
MR       .....                  h - +1 pair of boots "Guoff" {Int+3 Dex+6}
Stlth    ..........             M - amulet of magic regeneration
HPRegen  0.28/turn              y - ring of positive energy
MPRegen  0.34/turn              v - ring of fire

@: about to teleport, grasped by roots, berserk cooldown, slowed, very slow
A: retaliatory headbutt, horns 2
a: Berserk, Trog's Hand, Brothers in Arms, Renounce Religion


You were on level 4 of the Abyss.
You worshipped Trog.
Trog was exalted by your worship.
You were not hungry.

You visited 3 branches of the dungeon, and saw 15 of its levels.
You visited the Abyss 1 time.
You also visited: Sewer.

You collected 1178 gold pieces.
You spent 676 gold pieces at shops.

Inventory:

Hand Weapons
 g - the +7 captain's cutlass {speed, disarm}
   (You found it on level 2 of the Orcish Mines)

   Attacks with this weapon are significantly faster.
 k - a +0 arbalest
 G - a +3 great mace
 I - a +4 long sword of freezing
 P - a +2 antimagic glaive
 S - a +9 antimagic battleaxe (weapon)
 U - a +0 halberd of draining
Missiles
 a - 223 arrows
 j - 119 sling bullets
 l - 71 poisoned needles
 p - 15 javelins of returning
 r - 160 bolts
 Z - 20 tomahawks (quivered)
Armour
 d - a +0 pair of gloves (worn)
 h - the +1 pair of boots "Guoff" (worn) {Int+3 Dex+6}
   (You found it on level 8 of the Dungeon)

   It affects your intelligence (+3).
   It affects your dexterity (+6).
 u - a +5 plate armour of fire resistance (worn)
 T - the +1 cloak of Shielding (worn) {rF- Str+10 Int-4 Stlth+}
   (You found it on level 7 of the Dungeon)

   It affects your strength (+10).
   It affects your intelligence (-4).
   It makes you vulnerable to fire.
   It makes you more stealthy.
 V - a +0 shield
Jewellery
 v - a ring of fire (right hand)
 y - a ring of positive energy (left hand)
 J - an uncursed ring of teleportation
 M - an amulet of magic regeneration (around neck)
Wands
 t - a wand of digging (11)
 D - a wand of disintegration (17)
 F - a wand of flame (17)
 N - a wand of scattershot (3)
 O - a wand of iceblast (4)
Scrolls
 m - 2 scrolls of remove curse
 o - a scroll of immolation
 w - a scroll of teleportation
 x - 2 scrolls of fog
 B - 2 scrolls of magic mapping
 Q - a scroll of amnesia
 W - a scroll of fear
Potions
 b - a potion of ambrosia {unknown}
 e - a potion of agility
 f - a potion of magic
 n - a potion of might
 s - 5 potions of curing
 z - 2 potions of brilliance
 A - 3 potions of flight
 H - 2 potions of cancellation
 K - 2 potions of haste {unknown}
 L - a potion of mutation {unknown}
 R - a potion of invisibility {unknown}
Miscellaneous
 i - a box of beasts
Comestibles
 c - 8 rations
 q - 3 chunks of flesh


   Skills:
 + Level 9.5 Fighting
 - Level 4.1 Long Blades
 * Level 10.7(13.4) Axes
 - Level 1.4(7.0) Maces & Flails
 - Level 13.3(14.6) Polearms
 - Level 4.0 Throwing
 + Level 13.6 Armour
 * Level 9.4 Dodging
 - Level 6.5 Stealth
 * Level 4.1 Shields
 - Level 0.4 Spellcasting
 * Level 5.6 Evocations


You had 12 spell levels left.
You didn't know any spells.
Your spell library contained the following spells:

 Spells                   Type           Power        Failure   Level  Hunger
 Animate Skeleton         Necr           N/A          95%         1    ##.....
 Apportation              Tloc           #.....       95%         1    ##.....
 Confusing Touch          Hex            #.....       95%         1    ##.....
 Summon Small Mammal      Summ           #...         95%         1    ##.....


Dungeon Overview and Level Annotations

Branches:
Dungeon (12/15)            Temple (0/1) D:5            Lair (0/6) D:8
    Orc (2/2) D:12            Elf (1/3) Orc:2

Altars:
Cheibriados
Dithmenos
Elyvilon
Gozag
Hepliaklqana
Kikubaaqudgha
Makhleb
Nemelex Xobeh
Xom
Zin
The Shining One
Beogh

Shops:
D:5 !   D:7 =   D:10 !**[   Orc:2 }[((

Annotations:
D:12 3 runed doors, bmj180's ghost, journeyman TrFi
Elf:1 Kirke; Louise


Innate Abilities, Weirdness & Mutations

You reflexively headbutt those who attack you in melee.
You have a pair of horns on your head.


Message History

Press: ? - help, Shift-Dir - straight line, f/p - kraken
Aim: a kraken (water)
The puff of flame hits the tentacle.
The tentacle is lightly wounded.
The tentacle slaps you!
* * * LOW HITPOINT WARNING * * *
The tentacle slaps you.
* * * LOW HITPOINT WARNING * * *
A tentacled monstrosity comes into view.
The tentacle barely misses you.
As you read the scroll of teleportation, it crumbles to dust.
You feel strangely unstable.
You feel the power of the Abyss delaying your translocation!
The tentacle closely misses you. You furiously retaliate!
You headbutt the tentacle. The tentacle slaps you.
* * * LOW HITPOINT WARNING * * *
The tentacle slaps you!
* * * LOW HITPOINT WARNING * * *
The tentacle slaps you!
You die...

.#.##.#
.#.#...
...∩...
≈≈≈≈≈≈≈
≈≈≈≈≈≈≈
##≈≈X≈t≈≈
#tw/≈≈≈..
#@w.≈≈≈..
##..≈≈≈..
#.≈≈≈.#
#f≈≈##
XX≈≈≈
≈≈#≈ ≈≈≈
###


You could see a kraken, 2 tentacled monstrosities, a shambling mangrove, a ghost
crab, a fire crab and 2 tentacles.

Vanquished Creatures
  Donald (Orc:2)
  An orc warlord (Orc:2)
  A stone giant (Orc:2)
  A deep elf annihilator (Elf:1)
  An ogre mage (Orc:2)
  Harold (D:8)
  4 two-headed ogres
  A death knight (D:11)
  A deep elf knight (Elf:1)
  4 orc high priests (Orc:2)
  Nergalle (Orc:1)
  2 unseen horrors (D:11)
  A spatial maelstrom (Abyss:4)
  Pikel (D:4)
  4 orc knights (Orc:2)
  5 orc sorcerers
  4 ugly things
  5 deep elf magi (Elf:1)
  A manticore (D:11)
  Maurice (D:8)
  Joseph (D:8)
  A centaur zombie (D:7)
  An elephant (D:8)
  A gargoyle (D:10)
  7 trolls
  A merfolk (D:9)
  Grinder (D:6)
  2 hippogriffs (D:8)
  3 slime creatures (D:12)
  A water elemental (Elf:1)
  A wraith (D:11)
  A shadow (D:11)
  A vampire (D:9)
  4 yaks (D:12)
  4 wyverns
  5 hogs (Elf:1)
  2 basilisks (D:8)
  3 vampire mosquitoes (D:12)
  A warg (Orc:2)
  A water moccasin (D:6)
  6 ice beasts
  39 orc warriors
  A small abomination (Abyss:4)
  4 sky beasts
  19 ogres
  A black bear (D:7)
  A necrophage (D:9)
  4 phantoms
  5 centaurs
  A crocodile (D:7)
  A big kobold (D:9)
  13 bullfrogs
  A gnoll sergeant (D:5)
  A water moccasin skeleton (D:9)
  5 scorpions
  6 killer bees (D:12)
  10 wights
  A howler monkey (D:12)
  A bullfrog zombie (D:9)
  4 crimson imps
  A centaur skeleton (D:7)
  2 jellies
  2 bullfrog skeletons
  38 orc priests
  A gnoll shaman (D:5)
  5 hounds
  Ijyb (D:4)
  An iguana (D:11)
  11 worker ants
  14 orc wizards
  A killer bee zombie (D:5)
  7 worker ant zombies
  11 gnolls
  28 adders
  8 shadow imps
  8 oozes
  2 adder skeletons
  3 adder zombies
  A worm (D:2)
  2 dart slugs (D:1)
  19 leopard geckos
  113 orcs
  9 ball pythons
  6 bats
  13 giant cockroaches
  8 goblins
  7 hobgoblins
  13 jackals
  5 quokkas
  A ball python zombie (D:3)
  18 frilled lizards
  A jackal zombie (D:3)
  15 kobolds
  3 leopard gecko skeletons (D:3)
  A leopard gecko zombie (D:3)
  A quokka skeleton (D:3)
  A quokka zombie (D:3)
  13 rats
601 creatures vanquished.

Vanquished Creatures (collateral kills)
  An ancient zyme (Abyss:4)
  A large abomination (Abyss:4)
2 creatures vanquished.

Vanquished Creatures (others)
  2 tentacles (Abyss:4)
2 creatures vanquished.

Grand Total: 605 creatures vanquished

Notes
Turn   | Place    | Note
-------+----------+-------------------------------------------
     0 | D:1      | whitewolfNL the Minotaur Berserker began the quest for the
                  | Orb.
     0 | D:1      | Reached XP level 1. HP: 19/19 MP: 0/0
   216 | D:1      | Reached XP level 2. HP: 26/27 MP: 1/1
  1039 | D:1      | Reached XP level 3. HP: 32/33 MP: 2/2
  1373 | D:1      | Reached ** piety under Trog
  2000 | D:2      | Found an opulent altar of Gozag.
  2287 | D:2      | Reached skill level 5 in Polearms
  2287 | D:2      | Reached XP level 4. HP: 27/40 MP: 3/3
  2812 | D:2      | Found a glowing silver altar of Zin.
  2812 | D:2      | Found a white marble altar of Elyvilon.
  2813 | D:2      | Found a glowing golden altar of the Shining One.
  3141 | D:3      | Reached XP level 5. HP: 47/47 MP: 4/4
  3193 | D:3      | Reached *** piety under Trog
  3250 | D:3      | Reached skill level 1 in Stealth
  3559 | D:3      | Reached XP level 6. HP: 44/53 MP: 5/5
  4524 | D:4      | Noticed Ijyb
  4548 | D:4      | Killed Ijyb
  4730 | D:4      | Found a glowing drain.
  4742 | Sewer    | Entered a sewer
  4752 | Sewer    | Reached **** piety under Trog
  4754 | Sewer    | Reached skill level 5 in Armour
  4754 | Sewer    | Reached XP level 7. HP: 52/60 MP: 6/6
  5106 | Sewer    | Reached ***** piety under Trog
  6075 | D:4      | Noticed Pikel
  6106 | D:4      | Killed Pikel
  6106 | D:4      | Reached skill level 5 in Fighting
  6106 | D:4      | Reached XP level 8. HP: 68/68 MP: 7/7
  7044 | D:5      | Entered Level 5 of the Dungeon
  7275 | D:5      | Found a staircase to the Ecumenical Temple.
  7507 | D:5      | Found a hazy altar of Hepliaklqana.
  7747 | D:5      | Found Baumuet's Distillery.
  7768 | D:5      | Bought a potion of degeneration for 14 gold pieces
  7768 | D:5      | Bought a potion of heal wounds for 70 gold pieces
  8517 | D:6      | Found an ancient bone altar of Kikubaaqudgha.
  8529 | D:6      | Reached XP level 9. HP: 72/74 MP: 8/8
  8840 | D:6      | Noticed Grinder
  8852 | D:6      | Killed Grinder
  8852 | D:6      | Reached skill level 5 in Dodging
  9533 | D:7      | Reached skill level 10 in Armour
  9559 | D:7      | Got a steaming cloak
  9571 | D:7      | Found a burning altar of Makhleb.
  9797 | D:7      | Identified the +1 cloak of Shielding {rF- Str+10 Int-4
                  | Stlth+} (You found it on level 7 of the Dungeon)
  9797 | D:7      | Lost intelligence.
  9836 | D:7      | Reached skill level 10 in Polearms
  9868 | D:7      | Received a gift from Trog
 10136 | D:7      | Found a shadowy altar of Dithmenos.
 10232 | D:7      | Found Cytten's Jewellery Emporium.
 10540 | D:7      | Reached XP level 10. HP: 46/84 MP: 9/9
 10798 | D:7      | Found a shimmering altar of Xom.
 10800 | D:7      | Found a snail-covered altar of Cheibriados.
 11480 | D:8      | Noticed Joseph
 11505 | D:8      | Killed Joseph
 11707 | D:8      | Noticed Maurice
 11716 | D:8      | Killed Maurice
 11716 | D:8      | Reached skill level 1 in Evocations
 11951 | D:8      | Got a pair of encrusted boots
 12075 | D:8      | Reached skill level 1 in Throwing
 12103 | D:8      | Found a staircase to the Lair.
 12103 | D:8      | Noticed an elephant
 12112 | D:8      | Killed an elephant
 12239 | D:8      | Noticed Harold
 12258 | D:8      | Killed Harold
 12303 | D:8      | Identified the +1 pair of boots "Guoff" {Int+3 Dex+6} (You
                  | found it on level 8 of the Dungeon)
 13019 | D:9      | Received a gift from Trog
 13066 | D:9      | Reached XP level 11. HP: 89/92 MP: 10/10
 13143 | D:9      | Found a sparkling altar of Nemelex Xobeh.
 14011 | D:10     | Entered Level 10 of the Dungeon
 14011 | D:10     | Found Kiwoaxep's General Store.
 14013 | D:10     | Bought a potion of brilliance for 52 gold pieces
 14087 | D:10     | Reached skill level 1 in Axes
 14087 | D:10     | Reached skill level 5 in Stealth
 14467 | D:10     | Found Fiulat's General Store.
 14883 | D:10     | Found Foxzif's Armour Shoppe.
 15058 | D:10     | Found Icoijot's Distillery.
 15371 | D:10     | Bought a +3 plate armour of fire resistance for 540 gold
                  | pieces
 15453 | D:11     | Killed an unseen horror
 15583 | D:11     | Reached ****** piety under Trog
 15774 | D:11     | Noticed a white ugly thing
 15787 | D:11     | Killed a white ugly thing
 16199 | D:11     | Noticed a two-headed ogre
 16210 | D:11     | Killed a two-headed ogre
 16210 | D:11     | Received a gift from Trog
 16486 | D:11     | Noticed a death knight
 16495 | D:11     | Killed a death knight
 16512 | D:11     | Killed an unseen horror
 16645 | D:11     | Noticed a cyan ugly thing
 16657 | D:11     | Killed a cyan ugly thing
 17346 | D:12     | Noticed a two-headed ogre
 17346 | D:12     | Noticed a green ugly thing
 17348 | D:12     | Killed a two-headed ogre
 17348 | D:12     | Reached XP level 12. HP: 101/101 MP: 4/13
 17348 | D:12     | Noticed a two-headed ogre
 17351 | D:12     | Killed a two-headed ogre
 17709 | D:12     | Found a staircase to the Orcish Mines.
 17760 | D:12     | Reached skill level 5 in Axes
 17943 | D:12     | Found a runed gate.
 17944 | D:12     | Found a runed gate.
 17946 | D:12     | Found a runed gate.
 17946 | D:12     | Noticed a minotaur
 17947 | D:12     | Noticed bmj180's ghost (journeyman TrFi)
 18714 | D:12     | Reached skill level 1 in Long Blades
 18821 | Orc:1    | Entered Level 1 of the Orcish Mines
 18826 | Orc:1    | Noticed Nergalle
 18835 | Orc:1    | Killed Nergalle
 19394 | Orc:1    | You fall through a shaft!
 19394 | Orc:2    | Entered Level 2 of the Orcish Mines
 19394 | Orc:2    | Noticed Donald
 19409 | Orc:2    | Killed Donald
 19490 | Orc:2    | Noticed a two-headed ogre
 19499 | Orc:2    | Killed a two-headed ogre
 20013 | Orc:2    | Received a gift from Trog
 20165 | Orc:2    | Found a roughly hewn altar of Beogh.
 20250 | Orc:2    | Reached skill level 1 in Shields
 20251 | Orc:2    | Reached XP level 13. HP: 99/110 MP: 15/15
 20442 | Orc:2    | Found Cetaf's Weapon Emporium.
 20767 | Orc:2    | Found Vueruigo's Antique Weapon Shoppe.
 20961 | Orc:2    | Noticed a stone giant
 20962 | Orc:2    | Reached skill level 1 in Maces & Flails
 20972 | Orc:2    | Killed a stone giant
 21063 | Orc:2    | Noticed an orc warlord
 21511 | Orc:2    | Killed an orc warlord
 21730 | Orc:2    | Reached skill level 5 in Evocations
 21795 | Orc:2    | Found the +7 captain's cutlass {speed, disarm}
 21810 | Orc:2    | Paralysed by an orc sorcerer for 7 turns
 22457 | Orc:2    | Found a roughly hewn altar of Beogh.
 22473 | Orc:2    | Received a gift from Trog
 22592 | Orc:2    | Found Egiyf's Gadget Shoppe.
 22716 | Orc:2    | Found Dauv's Antique Armour Shop.
 23262 | Orc:2    | Found a staircase to the Elven Halls.
 23599 | Elf:1    | Entered Level 1 of the Elven Halls
 23627 | Elf:1    | Reached skill level 10 in Axes
 23681 | Elf:1    | Noticed Louise
 23681 | Elf:1    | Noticed Kirke
 23681 | Elf:1    | Noticed a deep elf annihilator
 23713 | Elf:1    | Killed a deep elf annihilator
 23713 | Elf:1    | Cast into level 3 of the Abyss (Louise)
 23713 | Abyss:3  | Found a corrupted altar of Lugonu.
 23720 | Abyss:3  | HP: 5/111 [raiju/living lightning (7)]
 23801 | Abyss:4  | Noticed a kraken
 23801 | Abyss:4  | Noticed a tentacled monstrosity
 23803 | Abyss:4  | Noticed a tentacled monstrosity
 23804 | Abyss:4  | HP: 3/111 [tentacle[a kraken] (16)]
 23804 | Abyss:4  | Mangled by a tentacle

Skill      XL: |  1  2  3  4  5  6  7  8  9 10 11 12 13 |
---------------+----------------------------------------+-----
Polearms       | 4 5 6 7 8 10 12 13 | 13.3
Fighting       | 4 5 6 7 8 9 |  9.5
Armour         | 3 5 7 9 10 11 12 13 | 13.6
Dodging        | 3 4 5 6 7 8 9 |  9.4
Stealth        | 1 2 3 4 5 6 |  6.5
Evocations     | 1 3 4 5 |  5.6
Throwing       | 2 4 |  4.0
Axes           | 4 7 10 | 10.7
Long Blades    | 3 4 |  4.1
Shields        | 1 4 |  4.1
Maces & Flails | 1 |  1.4
Spellcasting   | |  0.4

Action                   |  1- 3 |  4- 6 |  7- 9 | 10-12 | 13-15 || total
-------------------------+-------+-------+-------+-------+-------++-------
Melee: Spear             |    95 |   190 |   504 |    32 |       ||   821
       Headbutt          |    15 |    41 |   111 |   185 |    55 ||   407
       Halberd           |       |       |    21 |   197 |    26 ||   244
       Trident           |       |       |       |    51 |       ||    51
       Dire flail        |       |       |       |    11 |       ||    11
       Battleaxe         |       |       |       |   182 |   130 ||   312
       Long sword        |       |       |       |    78 |    20 ||    98
       Glaive            |       |       |       |    12 |       ||    12
       Great mace        |       |       |       |       |    19 ||    19
Throw: Javelin           |       |       |       |    22 |     4 ||    26
       Throwing net      |       |       |       |     5 |       ||     5
       Stone             |       |       |       |     5 |       ||     5
       Tomahawk          |       |       |       |       |    23 ||    23
Invok: Berserk           |     1 |     4 |    11 |    25 |    13 ||    54
       Brothers in Arms  |       |       |       |       |     1 ||     1
Evoke: Wand              |       |       |       |     6 |     6 ||    12
  Use: Scroll            |       |     4 |     4 |    17 |    10 ||    35
       Potion            |       |     2 |       |     1 |     8 ||    11
 Stab: Distracted        |       |       |     1 |       |       ||     1
       Held in net/web   |       |       |       |     1 |       ||     1
  Eat: Chunk             |     3 |     3 |    17 |    26 |    10 ||    59
       Ration            |     1 |     2 |     4 |     8 |     4 ||    19
Armor: Animal skin       |    11 |       |       |       |       ||    11
       Plate armour      |    24 |   124 |   285 |   246 |   119 ||   798
       Ring mail         |     6 |       |    31 |    23 |       ||    60
Dodge: Dodged            |    58 |    67 |   247 |   371 |   172 ||   915
Block: Shield            |       |       |       |    25 |     6 ||    31
       Rpst.: Long sword |       |       |       |    22 |     2 ||    24
